 Dungeon Crawl Stone Soup version bcrawl-1.20 (webtiles) character file.

Game seed: 14838235845112207077

412 Freyura the Cudgeler (level 6, -5/53 HPs)
             Began as a Minotaur Fighter on Jan 19, 2020.
             Slain by bworf's ghost (18 damage)
             ... on level 4 of the Dungeon.
             The game lasted 00:07:58 (2167 turns).

Freyura the Cudgeler (Minotaur Fighter)             Turns: 2167, Time: 00:07:58

Health: -5/53      AC:  7    Str: 25    XL:     6   Next: 59%
Magic:  5/5        EV:  9    Int:  5    God:
Gold:   221        SH: 10    Dex: 12    Spells: 5/5 levels left

rFire    . . .     SeeInvis .   a - +0 flail
rCold    . . .     Gourm    .   c - +0 shield
rNeg     . . .     Faith    .   b - +0 scale mail
rPois    .         Spirit   .   (helmet restricted)
rElec    .         Reflect  .   (no cloak)
rCorr    .         Harm     .   (no gloves)
MR       .....                  (no boots)
Stlth    ..........             (no amulet)
HPRegen  0.17/turn              (no ring)
MPRegen  0.09/turn              (no ring)

@: mighty
A: retaliatory headbutt, horns 2
a: no special abilities


You were on level 4 of the Dungeon.
You were not hungry.

You visited 1 branch of the dungeon, and saw 4 of its levels.

You collected 221 gold pieces.

Inventory:

Hand Weapons
 a - a +0 flail (weapon)
Armour
 b - a +0 scale mail (worn)
 c - a +0 shield (worn)
 m - a +0 chain mail
Wands
 n - a wand of random effects (7)
Scrolls
 f - 2 scrolls of teleportation {unknown}
 i - 3 scrolls of identify
 j - 2 scrolls of blinking
 o - a scroll of amnesia {unknown}
Potions
 g - a potion of haste
 h - 3 potions of flight
 k - 2 potions of resistance
 l - a potion of invisibility
Comestibles
 e - 6 rations {!d}


   Skills:
 + Level 4.7 Fighting
 * Level 5.3 Maces & Flails
 + Level 5.0 Armour
 + Level 2.6 Dodging
 + Level 4.9 Shields


You had 5 spell levels left.
You didn't know any spells.
Your spell library contained the following spells:

 Spells                   Type           Power        Failure   Level  Hunger
 Animate Skeleton         Necr           N/A          99%         1    ##.....
 Pain                     Necr           #.....       99%         1    ##.....
 Regeneration             Chrm/Necr      #.........   100%        3    ####...
 Vampiric Draining        Necr           #.........   100%        3    ####...
 Animate Dead             Necr           N/A          100%        4    #####..
 Bolt of Draining         Conj/Necr      #.........   100%        5    ######.


Dungeon Overview and Level Annotations

Branches:
Dungeon (4/12)
 Temple: D:4-7

Altars:
Fedhas
Hepliaklqana
Ru
Xom
Yredelemnul

Annotations:
D:3 2 transporters
D:4 bworf's ghost, novice OgHu


Innate Abilities, Weirdness & Mutations

You reflexively headbutt those who attack you in melee.
You have a pair of horns on your head.


Message History

You are too injured to fight recklessly!
You are too injured to fight recklessly!
You closely miss bworf's ghost.
Bworf's ghost is severely damaged.
Bworf's ghost hits you.
You completely miss bworf's ghost.
Bworf's ghost is severely damaged.
Bworf's ghost closely misses you. You furiously retaliate!
You headbutt bworf's ghost!
Bworf's ghost hits you but does no damage.
You sock bworf's ghost!
Bworf's ghost is almost destroyed.
Bworf's ghost screams, "I'll kill anyone who wants the ORB!"
Bworf's ghost hits you.
You hit bworf's ghost. Your headbutt misses bworf's ghost.
Bworf's ghost is almost destroyed.
Bworf's ghost hits you!
* * * LOW HITPOINT WARNING * * *
You are electrocuted!!
You die...

#.##.............#.#.###......
#..............###.#.##.....##
######.............#.#...<...####
#.###.##..#####.............
........##..# ###.......##
###.######..# ##.....#.. #.# #..#
##....#.#
########.S##########.#.#.#
≈≈≈≈≈≈#.wrW@.$.......#.#.###
≈)≈≈≈≈'..S############......
≈≈≈≈≈≈#..## ###)### #######..#
#<# #### #.# #.# #.# #)# #)#


You could see a worm, bworf's ghost, an adder, a river rat and a ball python.

Vanquished Creatures
  A bullfrog (D:4)
  A wight (D:3)
  A crimson imp (D:3)
  2 orc wizards (D:4)
  An orc priest (D:3)
  Jessica (D:3)
  A worker ant (D:4)
  A hound skeleton (D:3)
  2 adders (D:3)
  An adder zombie (D:4)
  5 worms
  2 dart slugs (D:1)
  4 leopard geckos
  6 orcs
  A ball python (D:2)
  7 giant cockroaches
  8 goblins
  6 hobgoblins
  2 jackals (D:3)
  5 kobolds
  3 quokkas
  4 bats
  A frilled lizard (D:3)
  A quokka skeleton (D:4)
  3 rats
70 creatures vanquished.

Notes
Turn   | Place    | Note
-------+----------+-------------------------------------------
     0 | D:1      | Freyura the Minotaur Fighter began the quest for the Orb.
     0 | D:1      | Reached XP level 1. HP: 19/19 MP: 0/0
   144 | D:1      | Reached XP level 2. HP: 26/27 MP: 1/1
   293 | D:1      | Reached skill level 1 in Dodging
   529 | D:2      | Reached XP level 3. HP: 33/33 MP: 2/2
   662 | D:2      | Found a shimmering altar of Xom.
  1134 | D:3      | Reached XP level 4. HP: 40/40 MP: 3/3
  1228 | D:3      | Found a basalt altar of Yredelemnul.
  1228 | D:3      | Found a hazy altar of Hepliaklqana.
  1261 | D:3      | Reached XP level 5. HP: 42/46 MP: 4/4
  1392 | D:3      | Found a transporter.
  1397 | D:3      | Noticed a kobold demonologist
  1408 | D:3      | Found a transporter.
  1495 | D:3      | Noticed Jessica
  1500 | D:3      | Killed Jessica
  1588 | D:3      | Found a sacrificial altar of Ru.
  1588 | D:3      | Found a blossoming altar of Fedhas.
  1882 | D:4      | Reached XP level 6. HP: 53/53 MP: 5/5
  1889 | D:4      | Reached skill level 5 in Maces & Flails
  2145 | D:4      | Found a runed translucent door.
  2146 | D:4      | Noticed bworf's ghost (novice OgHu)
  2159 | D:4      | Reached skill level 5 in Armour
  2167 | D:4      | Slain by bworf's ghost

Skill      XL: |  1  2  3  4  5  6 |
---------------+-------------------+-----
Maces & Flails | 3 4 5 |  5.3
Dodging        | 1 2 |  2.6
Armour         | 4 5 |  5.0
Shields        | 4 |  4.9
Fighting       | 4 |  4.7

Action                   |  1- 3 |  4- 6 || total
-------------------------+-------+-------++-------
Melee: Flail             |   100 |    94 ||   194
       Headbutt          |    14 |    17 ||    31
  Use: Scroll            |     5 |       ||     5
       Potion            |       |     1 ||     1
  Eat: Chunk             |     1 |     3 ||     4
Armor: Scale mail        |    43 |    31 ||    74
Dodge: Dodged            |    28 |    24 ||    52
Block: Shield            |    51 |    41 ||    92
